 Dungeon Crawl Stone Soup version 0.25-a0-388-g41a7e554cb (webtiles) character file.

Game seed: 8458107358997233425, levelgen mode: deterministic

968 Borgoz the Cudgeler (level 8, -3/73 HPs)
             Began as a Gargoyle Fighter on Jan 7, 2020.
             Was an Initiate of Okawaru.
             Slain by Harold
             ... wielding a cursed +0 scimitar
              (12 damage)
             ... on level 7 of the Dungeon.
             The game lasted 00:05:52 (5240 turns).

Borgoz the Cudgeler (Gargoyle Fighter)              Turns: 5240, Time: 00:05:52

Health: -3/73      AC: 17    Str: 28    XL:     8   Next: 15%
Magic:  9/9        EV:  7    Int:  9    God:    Okawaru [......]
Gold:   261        SH: 13    Dex: 10    Spells: 7/7 levels left

rFire    . . .     SeeInvis .   a - +0 flail
rCold    . . .     Gourm    .   c - +0 shield
rNeg     + . .     Faith    .   t - +1 chain mail "Sopracko" {rElec Str+2}
rPois    ∞         Spirit   .   (no helmet)
rElec    +         Reflect  +   r - +0 cloak
rCorr    .         Harm     .   (no gloves)
MR       .....                  (no boots)
Stlth    ..........             v - +3 amulet of reflection
HPRegen  0.22/turn              (no ring)
MPRegen  0.11/turn              (no ring)

@: berserking, very quick
A: negative energy resistance 1, electricity resistance, unbreathing,
petrification resistance, rot immunity, AC +5
a: Renounce Religion


You were on level 7 of the Dungeon.
You worshipped Okawaru.
Okawaru was noncommittal.
You were hungry.

You visited 2 branches of the dungeon, and saw 8 of its levels.

You collected 261 gold pieces.

Inventory:

Hand Weapons
 a - a +0 flail (weapon)
Armour
 c - a +0 shield (worn)
 r - a +0 cloak (worn)
 t - the +1 chain mail "Sopracko" (worn) {rElec Str+2}
   (You found it on level 5 of the Dungeon)

   It affects your strength (+2).
   It insulates you from electricity.
 x - a +2 ring mail of cold resistance
Jewellery
 v - a +3 amulet of reflection (around neck)
Wands
 i - a wand of flame (10)
 o - a wand of iceblast (10)
 w - a wand of acid (8)
 y - a wand of random effects (13)
Scrolls
 h - a scroll of noise {unknown}
 j - 3 scrolls of magic mapping
 k - 2 scrolls of remove curse {unknown}
 l - 5 scrolls of teleportation {unknown}
 n - a scroll of fog
 p - 4 scrolls of identify {unknown}
Potions
 d - a potion of berserk rage
 e - 3 potions of curing {unknown}
 g - 2 potions of agility {unknown}
 m - a potion of cancellation {unknown}
 q - a potion of ambrosia {unknown}
 s - a potion of brilliance {unknown}
 u - a potion of resistance {unknown}
 A - a potion of degeneration {unknown}
Comestibles
 f - 11 rations
 z - a chunk of flesh


   Skills:
 + Level 5.2 Fighting
 * Level 5.4 Maces & Flails
 + Level 5.1 Armour
 + Level 2.7 Dodging
 + Level 5.1 Shields
 + Level 1.8 Invocations


You had 7 spell levels left.
You didn't know any spells.
Your spell library was empty.

Dungeon Overview and Level Annotations

Branches:
Dungeon (7/15)             Temple (1/1) D:5

Altars:
Ashenzari
Cheibriados
Dithmenos
Elyvilon
Fedhas
Gozag
Nemelex Xobeh
Okawaru
Qazlal
Ru
Sif Muna
Trog
Vehumet
Wu Jian
Xom
Yredelemnul
Zin
The Shining One

Annotations:
D:7 Harold


Innate Abilities, Weirdness & Mutations

You are resistant to torment.
Your stone body is resilient. (AC +5)
You are immune to poison.
You resist negative energy. (rN+)
You are resistant to electric shocks. (rElec)
You can survive without breathing.
You are immune to petrification.
You are immune to rotting.


Message History

The wight hits you but does no damage. You block the wight's attack.
You hit Harold.
Harold is heavily wounded.
Harold says, "Try to look on the bright side.
Your death will help put my children through school."
Harold hits you with a cursed +0 scimitar.
* * * LOW HITPOINT WARNING * * *
The iguana bites you.
* * * LOW HITPOINT WARNING * * *
The wight barely misses you. Harold hits you but does no damage.
It was a potion of berserk rage.
A red film seems to cover your vision as you go berserk!
You feel yourself moving faster!
You feel mighty! You block the wight's attack.
The iguana bites you but does no damage.
Harold closely misses you. The wight hits you but does no damage.
You barely miss Harold.
Harold is heavily wounded.
The iguana hisses menacingly.
You block the iguana's attack. You block the wight's attack.
Harold hits you with a cursed +0 scimitar!
You die...

#######.# #.# #.#
#.# #>......# #.#
#.# #.# ##.#######
#.## ###.# #.#
...# .#. ..#..#
#.# .### # # #.#.#
#.# .# #.#.## #.#
.# #....## #.#
.######
.###.###z....###.#
........
....(.@@zz.......#
...#.###
.###.###l....#####
.....# #....##
.#.### #.#...#
.#.# #.###.# .#.#
"# .# .#.# ## .#
.. .# .#


You could see Harold, an iguana and 3 wights.

Vanquished Creatures
  A sky beast (D:5)
  2 ice beasts
  A scorpion (D:6)
  A water moccasin skeleton (D:6)
  4 killer bees (D:4)
  2 crimson imps (D:6)
  A centaur zombie (D:7)
  A jelly (D:6)
  2 hounds
  Ijyb (D:3)
  2 worker ants
  A worker ant zombie (D:7)
  8 adders
  An adder zombie (D:6)
  A dart slug (D:2)
  4 leopard geckos
  3 orcs
  4 giant cockroaches
  2 gnoll zombies (D:6)
  10 goblins
  2 hobgoblins (D:1)
  8 jackals
  3 quokkas
  2 ball pythons
  7 bats
  5 frilled lizards
  4 kobolds
  A quokka skeleton (D:6)
  8 rats
92 creatures vanquished.

Notes
Turn   | Place    | Note
-------+----------+-------------------------------------------
     0 | D:1      | Borgoz the Gargoyle Fighter began the quest for the Orb.
     0 | D:1      | Reached XP level 1. HP: 14/14 MP: 1/1
   137 | D:1      | Reached XP level 2. HP: 18/19 MP: 2/2
   670 | D:1      | Reached XP level 3. HP: 23/23 MP: 3/3
  1476 | D:3      | Reached skill level 1 in Dodging
  1476 | D:3      | Reached XP level 4. HP: 27/29 MP: 4/4
  1781 | D:3      | Found an ornate altar of the Wu Jian Council.
  1968 | D:3      | Noticed Ijyb
  1987 | D:3      | Killed Ijyb
  2267 | D:3      | Reached XP level 5. HP: 33/33 MP: 5/5
  2622 | D:4      | Found a radiant altar of Vehumet.
  2814 | D:4      | Reached XP level 6. HP: 17/38 MP: 6/6
  3373 | D:5      | Entered Level 5 of the Dungeon
  3828 | D:5      | Noticed an ice beast
  3846 | D:5      | Killed an ice beast
  3846 | D:5      | Reached XP level 7. HP: 30/44 MP: 7/7
  4032 | D:5      | Found a staircase to the Ecumenical Temple.
  4038 | D:5      | Got a brightly glowing chain mail
  4050 | D:5      | Identified the +1 chain mail "Sopracko" {rElec Str+2} (You
                  | found it on level 5 of the Dungeon)
  4061 | Temple   | Entered the Ecumenical Temple
  4069 | Temple   | Became a worshipper of Warmaster Okawaru
  4426 | D:5      | You fall into a shaft and drop 1 floor!
  4615 | D:6      | Found a basalt altar of Yredelemnul.
  4652 | D:6      | Reached skill level 5 in Maces & Flails
  4652 | D:6      | Reached skill level 1 in Invocations
  4873 | D:6      | Reached skill level 5 in Fighting
  4873 | D:6      | Reached skill level 5 in Armour
  4907 | D:6      | Reached skill level 5 in Shields
  4907 | D:6      | Reached XP level 8. HP: 49/49 MP: 7/9
  4918 | D:6      | Found a blossoming altar of Fedhas.
  5223 | D:7      | Noticed Harold
  5240 | D:7      | Slain by Harold

Levels and vault maps discovered:
D:1:      sevenhm_arrival_forest_fort_small_3, layout_basic
D:2:      layout_rooms
D:3:      layout_basic, old_standard_altar, kennysheep_potato, uniq_ijyb
D:4:      layout_basic, lemuel_doored_altar, first_ration
D:5:      layout_loops_cross, minmay_temple_entry_enclosed_plants
D:6:      layout_cave_pools, lemuel_zombie_altar_yredelemnul, basic_altar
D:7:      layout_loops_ring, serial_shops, kennysheep_mini_moat,
          nrook_pool_corridor, grunt_ogre_cave, uniq_joseph, uniq_harold
Temple:   eino_narrow_crystal_temple

Skill      XL: |  1  2  3  4  5  6  7 |
---------------+----------------------+-----
Dodging        | 1 2 |  2.7
Maces & Flails | 3 4 5 |  5.4
Fighting       | 4 5 |  5.2
Armour         | 4 5 |  5.1
Shields        | 4 5 |  5.1
Invocations    | 1 |  1.8

Action                   |  1- 3 |  4- 6 |  7- 9 || total
-------------------------+-------+-------+-------++-------
Melee: Flail             |   164 |   208 |   172 ||   544
  Use: Scroll            |     1 |     2 |       ||     3
       Potion            |       |     5 |     2 ||     7
  Eat: Chunk             |     2 |     4 |     5 ||    11
       Ration            |       |     1 |       ||     1
Armor: Scale mail        |   109 |   141 |    28 ||   278
       Chain mail        |       |       |    67 ||    67
Dodge: Dodged            |    53 |   107 |    57 ||   217
Block: Shield            |   107 |   144 |   140 ||   391
       Reflection        |       |       |     2 ||     2

Table legend:
 A = Non-vault XP
 B = Vault XP
 C = Vault XP percentage of total XP
 D = Non-vault monster count
 E = Vault monster count
 F = Vault count percentage of total count
                 A         B        C        D         E       F
            +---------+---------+-------+---------+---------+-------
      Total |    1342 |      41 |   3.0 |      88 |       4 |   4.3
            +---------+---------+-------+---------+---------+-------
        D:1 |      38 |       0 |   0.0 |      23 |       0 |   0.0
        D:2 |      33 |       0 |   0.0 |      14 |       0 |   0.0
        D:3 |      56 |      38 |  40.4 |      12 |       2 |  14.3
        D:4 |     302 |       0 |   0.0 |      11 |       0 |   0.0
        D:5 |     326 |       0 |   0.0 |      12 |       0 |   0.0
        D:6 |     507 |       3 |   0.6 |      13 |       2 |  13.3
        D:7 |      80 |       0 |   0.0 |       3 |       0 |   0.0
            +---------+---------+-------+---------+---------+-------
